 Dungeon Crawl Stone Soup version 0.22-a0-614-g34fbaa0 (webtiles) character file.

61912 thwowaway the Peltast (level 14, -8/126 HPs)
             Began as a Minotaur Berserker on July 17, 2018.
             Was the Champion of Trog.
             Mangled by an orc knight
             ... wielding a +0 great sword
              (30 damage)
             ... on level 2 of the Orcish Mines on July 18, 2018.
             The game lasted 00:28:58 (13906 turns).

thwowaway the Peltast (Minotaur Berserker)         Turns: 13906, Time: 00:28:59

Health: -8/126     AC: 20    Str: 27    XL:     14   Next: 62%
Magic:  13/13      EV: 11    Int:  4    God:    Trog [******]
Gold:   1198       SH: 24    Dex: 19    Spells: 13/13 levels left

rFire    + . .     SeeInvis .   H - +11 whip of the Hidden Tales {slash, Str+2}
rCold    + + .     Gourm    .   A - +0 large shield
rNeg     . . .     Faith    .   F - +1 chain mail {rF+}
rPois    .         Spirit   .   x - +2 hat of Love and Death {rC+}
rElec    .         Reflect  .   p - +1 cloak
rCorr    .         Harm     .   (no gloves)
MR       +++..                  v - +1 pair of boots
Stlth    ..........             h - amulet of regeneration
HPRegen  1.71/turn              q - +3 ring of dexterity
MPRegen  0.13/turn              C - +2 ring of dexterity

@: about to teleport, berserk cooldown, starving, regenerating, slowed, very
slow
A: retaliatory headbutt, horns 2, thin skeletal structure 1, cold resistance 1
a: Berserk, Trog's Hand, Brothers in Arms, Renounce Religion


You were on level 2 of the Orcish Mines.
You worshipped Trog.
Trog was exalted by your worship.
You were starving.

You visited 2 branches of the dungeon, and saw 17 of its levels.
You also visited: Bailey.

You collected 1198 gold pieces.

Inventory:

Hand Weapons
 H - the +11 whip of the Hidden Tales (weapon) {slash, Str+2}
   (You found it on level 8 of the Dungeon)

   It inflicts extra damage upon your enemies.
   It affects your strength (+2).
 S - a +7 antimagic broad axe
 T - a +0 blowgun
Missiles
 z - 12 javelins (quivered)
 G - 21 curare-tipped needles
 O - 9 needles of paralysis
Armour
 p - a +1 cloak (worn)
 v - a +1 pair of boots (worn)
 x - the +2 hat of Love and Death (worn) {rC+}
   (You acquired it on level 11 of the Dungeon)

   It protects you from cold.
 A - a +0 large shield (worn)
 F - a +1 chain mail of fire resistance (worn)
Jewellery
 h - an amulet of regeneration (around neck)
 q - a +3 ring of dexterity (left hand)
 C - a +2 ring of dexterity (right hand)
 I - a +3 amulet of reflection
 N - an uncursed ring of flight
Wands
 f - a wand of scattershot (7)
 s - a wand of polymorph (32)
 t - a wand of acid (12)
 y - a wand of paralysis (58)
 J - a wand of random effects (39)
 L - a wand of iceblast (12)
 M - a wand of digging (13)
 P - a wand of flame (57)
Scrolls
 d - 11 scrolls of remove curse
 e - 8 scrolls of enchant armour
 g - 9 scrolls of magic mapping
 i - 8 scrolls of teleportation
 j - 9 scrolls of enchant weapon
 l - 3 scrolls of fear
 r - 3 scrolls of blinking
 E - a scroll of fog
 K - a scroll of identify
 Q - a scroll of immolation
 W - a scroll of summoning
Potions
 a - 7 potions of curing
 b - 4 potions of might
 k - 3 potions of heal wounds
 m - 4 potions of mutation
 n - 2 potions of brilliance
 o - 2 potions of haste {unknown}
 u - 2 potions of lignification {unknown}
 w - a potion of cancellation {unknown}
 B - a potion of degeneration {unknown}
 D - a potion of ambrosia {unknown}
 R - a potion of invisibility {unknown}
 V - a potion of experience {unknown}
 X - a potion of flight {unknown}
Comestibles
 c - 39 rations
 U - 2 chunks of flesh


   Skills:
 - Level 12.0 Fighting
 - Level 12.5(13.5) Axes
 - Level 9.1(12.0) Maces & Flails
 - Level 12.0 Armour
 - Level 5.0 Dodging
 + Level 19.5 Shields


You had 13 spell levels left.
You didn't know any spells.
Your spell library contained the following spells:

 Spells                   Type           Power        Failure   Level  Hunger
 Fireball                 Conj/Fire      #.........   100%        5    ######.
 Apportation              Tloc           #.....       99%         1    ##.....
 Conjure Flame            Conj/Fire      #.......     100%        3    ####...
 Throw Flame              Conj/Fire      #.....       100%        2    ###....
 Mephitic Cloud           Conj/Pois/Air  #.......     100%        3    ####...
 Venom Bolt               Conj/Pois      #.........   100%        5    ######.
 Olgreb's Toxic Radiance  Pois           #.......     100%        4    #####..
 Summon Small Mammal      Summ           #...         99%         1    ##.....
 Animate Skeleton         Necr           N/A          99%         1    ##.....
 Sticky Flame             Conj/Fire      #.......     100%        4    #####..
 Sting                    Conj/Pois      #...         99%         1    ##.....
 Tukima's Dance           Hex            #.......     100%        3    ####...
 Spider Form              Tmut/Pois      #.........   100%        3    ####...
 Blade Hands              Tmut           #.........   100%        5    ######.
 Ice Form                 Ice/Tmut       #.......     100%        4    #####..
 Confusing Touch          Hex            #.....       99%         1    ##.....
 Flame Tongue             Conj/Fire      #....        99%         1    ##.....
 Sticks to Snakes         Tmut           #.......     100%        2    ###....
 Ensorcelled Hibernation  Hex/Ice        #.....       100%        2    ###....
 Silence                  Hex/Air        #.........   100%        5    ######.
 Summon Hydra             Summ           #.........   100%        7    #######
 Inner Flame              Hex/Fire       #.......     100%        3    ####...
 Beastly Appendage        Tmut           #.....       99%         1    ##.....
 Summon Mana Viper        Hex/Summ       #.......     100%        5    ######.
 Poisonous Vapours        Pois/Air       #.....       100%        2    ###....
 Ignition                 Fire           #.........   100%        8    #######


Dungeon Overview and Level Annotations

Branches:
Dungeon (15/15)            Temple (0/1) D:6            Lair (0/6) D:9
    Orc (2/2) D:10            Elf (0/3) Orc:2        Vaults (0/5) D:13
 Depths (0/5) D:15

Altars:
Dithmenos
Fedhas
Gozag
Kikubaaqudgha
Makhleb
Nemelex Xobeh
Qazlal
Wu Jian
Yredelemnul
Zin

Shops:
Orc:2 :[

Portals:
Bazaar: D:13


Innate Abilities, Weirdness & Mutations

You reflexively headbutt those who attack you in melee.
You have a pair of horns on your head.
You have a somewhat thin skeletal structure. (Dex +2, Stealth)
Your flesh is cold resistant. (rC+)


Message History

* * * LOW HITPOINT WARNING * * *
You block the warg's attack.
Your troll misses the warg. x2
Your troll completely misses the warg.
An orc comes into view. It is wielding a falchion.
You block the orc warlord's attack.
The orc knight hits you with a great sword.
* * * LOW HITPOINT WARNING * * *
The orc warrior closely misses you. The warg closely misses you.
Your troll bites the warg!!
Your troll claws the warg!
The warg dies!
Trog accepts your kill.
Unknown command.
Unknown command.
Unknown command.
Your troll barely misses the orc knight. x2
Your troll claws the orc knight!
The orc warlord roars a battlecry!
The orc goes into a battle-frenzy!
The orc knight hits you with a great sword!!
You die...

..P....∩...............#..
..................P...P...
..P.P..................P..
...P.......P...))).....P..
............($..)...8.....
#.....P.........)P)∩......
#...............P).....P..
##.##....$........[.......
###............@T..P.....
##.#..#.....ooo)...oo..
....>##......o........
.... #...........##..
#..P.P.....## .
#............#
....P.....#...#
..............#
P.............


You could see an orc warlord, an orc knight, 3 orc warriors, an orc and a
friendly troll (berserk).

Vanquished Creatures
  An orc warlord (Bailey)
  Snorg (D:14)
  2 ogre magi (D:15)
  A fire dragon (D:14)
  A catoblepas (D:14)
  4 vault guards (D:13)
  2 hydras (D:13)
  2 centaur warriors (D:15)
  15 two-headed ogres
  Sonja (D:13)
  7 slime creatures
  The ghost of xfalz the Ruffian, a novice TrMo of Yredelemnul (D:7)
  2 unseen horrors
  A deep elf archer (D:13)
  2 wizards (D:14)
  6 deep elf magi
  4 orc knights
  An orb spider (shapeshifter) (D:15)
  8 ugly things
  3 orc sorcerers
  A cyclops (D:12)
  Maurice (D:8)
  5 centaur zombies
  A naga mage (D:15)
  2 gargoyles
  A komodo dragon (D:12)
  A tengu conjurer (D:13)
  An efreet (D:13)
  The ghost of MajorBinkx the Fighter, an amateur MiBe of Trog (D:4)
  3 meliai (D:15)
  7 trolls
  2 hornets
  A dream sheep (shapeshifter) (D:12)
  5 hippogriffs
  Sigmund (D:2)
  2 shadows
  2 vampires
  15 yaks
  4 wyverns
  A hungry ghost (D:12)
  A golden eye (shapeshifter) (D:15)
  3 vampire mosquitoes (D:12)
  Edmund (D:6)
  A warg (Orc:2)
  Menkaure (D:4)
  An acid dragon (D:12)
  34 orc warriors
  4 black bears
  2 hornet zombies (D:15)
  3 ice beasts
  5 phantoms
  3 sky beasts
  A boggart (D:12)
  10 ogres
  13 centaurs
  3 crocodiles
  5 big kobolds
  Blork the orc (D:4)
  6 bullfrogs
  A gnoll sergeant (D:12)
  2 scorpions
  2 troll zombies (D:15)
  4 killer bees (D:7)
  25 wights
  6 howler monkeys
  7 crimson imps
  A bullfrog zombie (D:12)
  6 quasits
  4 human zombies (D:15)
  5 jellies
  7 centaur skeletons
  11 orc priests
  Crazy Yiuf (D:4)
  7 hounds
  A bullfrog skeleton (D:12)
  2 human skeletons (D:15)
  4 hell rats (D:8)
  7 iguanas
  13 orc wizards
  10 worker ants
  2 mummies (D:15)
  3 worker ant zombies
  14 gnolls
  13 adders
  5 river rats (D:8)
  4 shadow imps
  3 oozes
  An adder skeleton (D:8)
  5 worms
  A dart slug (D:1)
  4 leopard geckos
  81 orcs
  5 giant cockroaches
  25 goblins
  19 hobgoblins
  3 jackals
  9 quokkas
  7 bats
  11 frilled lizards
  A giant cockroach zombie (D:5)
  24 kobolds
  A leopard gecko skeleton (D:4)
  An orc skeleton (D:15)
  A quokka zombie (D:8)
  22 rats
611 creatures vanquished.

Vanquished Creatures (collateral kills)
  An orc high priest (Orc:2)
  An orc knight (Orc:2)
  A troll (Orc:2)
  A warg (Orc:2)
  2 orc warriors (Orc:2)
6 creatures vanquished.

Vanquished Creatures (others)
  A deep elf archer (D:13)
  A yaktaur (D:13)
  A gnoll (D:12)
  2 fungi (Orc:2)
5 creatures vanquished.

Grand Total: 622 creatures vanquished

Notes
Turn   | Place    | Note
-------+----------+-------------------------------------------
     0 | D:1      | thwowaway the Minotaur Berserker began the quest for the Orb.
     0 | D:1      | Reached XP level 1. HP: 19/19 MP: 0/0
   225 | D:1      | Reached XP level 2. HP: 26/27 MP: 1/1
   733 | D:1      | Reached XP level 3. HP: 33/33 MP: 2/2
   890 | D:2      | Found a burning altar of Makhleb.
   944 | D:2      | Reached ** piety under Trog
   948 | D:2      | Found an opulent altar of Gozag.
  1161 | D:2      | Reached XP level 4. HP: 24/40 MP: 3/3
  1460 | D:2      | Noticed Sigmund
  1467 | D:2      | Killed Sigmund
  1467 | D:2      | Reached skill level 5 in Axes
  1467 | D:2      | Reached XP level 5. HP: 39/46 MP: 4/4
  1716 | D:3      | Reached XP level 6. HP: 40/52 MP: 5/5
  1775 | D:3      | Reached *** piety under Trog
  1777 | D:3      | Reached skill level 5 in Armour
  1858 | D:3      | Reached XP level 7. HP: 24/60 MP: 6/6
  2423 | D:3      | Reached skill level 5 in Dodging
  2486 | D:4      | Reached skill level 5 in Fighting
  2542 | D:4      | Noticed Blork the orc
  2550 | D:4      | Killed Blork the orc
  2629 | D:4      | Noticed Menkaure
  2632 | D:4      | Killed Menkaure
  2753 | D:4      | Found a glowing silver altar of Zin.
  2838 | D:4      | Found a runed door.
  2900 | D:4      | Found a transporter.
  2901 | D:4      | Noticed MajorBinkx's ghost (amateur MiBe)
  2922 | D:4      | Found a transporter.
  3100 | D:5      | Entered Level 5 of the Dungeon
  3400 | D:5      | Reached XP level 8. HP: 67/68 MP: 5/7
  3532 | D:5      | Reached **** piety under Trog
  3950 | D:5      | Found an ancient bone altar of Kikubaaqudgha.
  3951 | D:5      | Found a blossoming altar of Fedhas.
  4349 | D:4      | Noticed Crazy Yiuf
  4352 | D:4      | Killed Crazy Yiuf
  4434 | D:4      | Killed MajorBinkx's ghost
  4434 | D:4      | Reached skill level 10 in Axes
  4825 | D:6      | Found a staircase to the Ecumenical Temple.
  5246 | D:6      | Reached XP level 9. HP: 80/80 MP: 8/8
  5334 | D:6      | Noticed Edmund
  5344 | D:6      | Killed Edmund
  5409 | D:7      | Found a transporter.
  5487 | D:7      | Found a transporter.
  5488 | D:7      | Noticed xfalz's ghost (novice TrMo)
  6251 | D:7      | Killed xfalz's ghost
  6300 | D:8      | Found a sparkling altar of Nemelex Xobeh.
  6318 | D:8      | Found a basalt altar of Yredelemnul.
  6318 | D:8      | Noticed Maurice
  6328 | D:8      | Killed Maurice
  6328 | D:8      | Reached skill level 10 in Fighting
  6348 | D:8      | Got an ancient whip
  6349 | D:8      | Identified the +11 whip of the Hidden Tales {slash, Str+2} (You found it on level 8 of the Dungeon)
  6554 | D:8      | Reached XP level 10. HP: 94/94 MP: 9/9
  6556 | D:8      | Reached skill level 1 in Maces & Flails
  6556 | D:8      | Reached skill level 1 in Shields
  6565 | D:8      | Reached ***** piety under Trog
  6690 | D:8      | Reached skill level 2 in Shields
  7062 | D:9      | Found a stormy altar of Qazlal.
  7062 | D:9      | Noticed a two-headed ogre
  7068 | D:9      | Killed a two-headed ogre
  7068 | D:9      | Reached skill level 3 in Shields
  7116 | D:9      | Found a shadowy altar of Dithmenos.
  7129 | D:9      | Noticed a two-headed ogre
  7137 | D:9      | Killed a two-headed ogre
  7137 | D:9      | Reached skill level 4 in Shields
  7220 | D:9      | Found an ornate altar of the Wu Jian Council.
  7363 | D:9      | Reached skill level 5 in Maces & Flails
  7363 | D:9      | Reached skill level 5 in Shields
  7496 | D:9      | Found a staircase to the Lair.
  7804 | D:10     | Entered Level 10 of the Dungeon
  7808 | D:10     | Received a gift from Trog
  7959 | D:10     | Found a staircase to the Orcish Mines.
  8028 | D:10     | Reached skill level 6 in Shields
  8034 | D:10     | Reached XP level 11. HP: 94/104 MP: 10/10
  8243 | D:10     | Noticed a two-headed ogre
  8251 | D:10     | Killed a two-headed ogre
  8251 | D:10     | Reached skill level 7 in Shields
  8591 | D:11     | Noticed a deep elf mage
  8594 | D:11     | Noticed a wizard
  8597 | D:11     | Killed a deep elf mage
  8602 | D:11     | Noticed a two-headed ogre
  8609 | D:11     | Killed a two-headed ogre
  8609 | D:11     | Reached skill level 8 in Shields
  8611 | D:11     | Identified Ts'ui Pên's Almanac of Forking Paths
  8618 | D:11     | Identified the Almanac of Dhcmrlchtdj
  8632 | D:11     | Noticed a two-headed ogre
  8641 | D:11     | Killed a two-headed ogre
  8700 | D:11     | Identified a scroll of acquirement
  8702 | D:11     | Got a scorched hat
  8708 | D:11     | Identified the +2 hat of Love and Death {rC+} (You acquired it on level 11 of the Dungeon)
  8803 | D:11     | Noticed a deep elf mage
  8815 | D:11     | Killed a deep elf mage
  8815 | D:11     | Reached skill level 9 in Shields
  8818 | D:11     | Identified the Almanac of Combed Thunderclap
  8991 | D:11     | Received a gift from Trog
  9035 | D:12     | Noticed a red ugly thing
  9043 | D:12     | Killed a red ugly thing
  9043 | D:12     | Reached skill level 10 in Shields
  9089 | D:12     | Noticed a deep elf mage
  9097 | D:12     | Reached skill level 11 in Shields
  9104 | D:12     | Killed a deep elf mage
  9166 | D:12     | Reached XP level 12. HP: 112/112 MP: 11/11
  9230 | D:12     | Reached skill level 12 in Shields
  9294 | D:12     | Found a flagged portal.
  9294 | D:12     | Found a stormy altar of Qazlal.
  9296 | D:12     | Noticed a two-headed ogre
  9309 | D:12     | Killed a two-headed ogre
  9356 | Bailey   | Entered a bailey
  9480 | Bailey   | Reached skill level 13 in Shields
  9606 | Bailey   | Noticed an orc warlord
  9613 | Bailey   | Reached ****** piety under Trog
  9630 | Bailey   | Killed an orc warlord
  9651 | Bailey   | Got a brightly glowing fustibalus
  9652 | Bailey   | Identified the +1 fustibalus of Guilt {speed, +Inv rElec rC- Int+4} (You found it in a bailey)
  9758 | D:12     | Reached skill level 14 in Shields
  9952 | D:13     | Found a gateway to a bazaar.
  9976 | D:13     | Received a gift from Trog
 10024 | D:13     | Noticed a six-headed hydra
 10031 | D:13     | Killed a six-headed hydra
 10067 | D:13     | Reached skill level 15 in Shields
 10125 | D:13     | Noticed a seven-headed hydra
 10132 | D:13     | Killed a seven-headed hydra
 10152 | D:13     | Received a gift from Trog
 10275 | D:13     | Reached XP level 13. HP: 70/118 MP: 12/12
 10311 | D:13     | Noticed Sonja
 10317 | D:13     | Killed Sonja
 10665 | D:13     | Reached skill level 16 in Shields
 11086 | D:13     | Found a gate to the Vaults.
 11223 | D:14     | Noticed a fire dragon
 11226 | D:14     | Reached skill level 10 in Armour
 11250 | D:14     | Killed a fire dragon
 11659 | D:14     | Received a gift from Trog
 11695 | D:14     | Noticed Snorg
 11703 | D:14     | Killed Snorg
 11882 | D:14     | Reached skill level 17 in Shields
 12114 | D:15     | Entered Level 15 of the Dungeon
 12192 | D:15     | Reached XP level 14. HP: 94/126 MP: 13/13
 12298 | D:15     | Gained mutation: You have a somewhat thin skeletal structure. (Dex +2, Stealth) [potion of mutation]
 12298 | D:15     | Gained mutation: Your flesh is cold resistant. (rC+) [potion of mutation]
 12665 | D:15     | Reached skill level 18 in Shields
 12917 | D:15     | Found an ancient bone altar of Kikubaaqudgha.
 13068 | D:15     | Received a gift from Trog
 13078 | D:15     | Found a staircase to the Depths.
 13427 | Orc:1    | Entered Level 1 of the Orcish Mines
 13720 | Orc:2    | Entered Level 2 of the Orcish Mines
 13737 | Orc:2    | Reached skill level 19 in Shields
 13831 | Orc:2    | Found Vuikob's Book Emporium.
 13832 | Orc:2    | Found a staircase to the Elven Halls.
 13843 | Orc:2    | Found Eliom's Antique Armour Shop.
 13874 | Orc:2    | Noticed an orc warlord
 13906 | Orc:2    | Mangled by an orc knight

Vault maps used:
D:1:      evilmike_arrival_crescent, st_stairs_9, minivault_5
D:2:      nicolae_overflow_crystal_walls, lemuel_doored_altar, first_ration,
          uniq_sigmund
D:3:      serial_curves, eino_curves_03, eino_curves_03, eino_curves_01,
          eino_curves_03
D:4:      lemuel_crystal_altar, gammafunk_ghost_stat_death, uniq_blork_the_orc,
          uniq_menkaure, uniq_crazy_yiuf_cottage
D:5:      grunt_temple_overflow_growth_and_decay
D:6:      minmay_temple_entry_fiery, uniq_edmund
D:7:      gammafunk_ghost_stat_death
D:8:      lemuel_ratsnest, grunt_temple_overflow_open, serial_glass,
          glass_columns_c, glass_columns_c, grunt_ogre_cave,
          minmay_item_behind_shaft, uniq_maurice
D:9:      old_standard_altar, lemuel_round_altar, lair_entry_dummy,
          grunt_dithmenos_smoke_and_mirrors
D:10:     david_orc_2
D:11:     bh_hangedman_babel_library
D:12:     kennysheep_windowed_halls, enter_bailey_2, basic_altar
D:13:     grunt_vaults_entry_fortified, serial_shops, bzr_entry_lakeside,
          uniq_sonja
D:14:     infiniplex_staircase_zigzag_1, uniq_snorg
D:15:     grunt_enter_depths_magical_seal, corexii_corridor_pit,
          lemuel_mausoleum_altar_kikubaaqudgha
Orc:1:    nicolae_orc_sculptors_studio, sword_in_stone
Orc:2:    grunt_orc_gardens, grunt_orc_garden, grunt_orc_garden,
          grunt_orc_garden, grunt_orc_garden, serial_shops,
          nicolae_shop_behind_doors
Bailey:   bailey_axe_minmay_hex_keep, bailey

Skill      XL: |  1  2  3  4  5  6  7  8  9 10 11 12 13 14 |
---------------+-------------------------------------------+-----
Fighting       | 4 5 7 10 11 12 | 12.0
Axes           | 4 5 6 9 10 12 | 12.5
Armour         | 3 4 5 6 11 12 | 12.0
Dodging        | 3 4 5 |  5.0
Maces & Flails | 6 9 |  9.1
Shields        | 6 11 15 17 19 | 19.5

Action                   |  1- 3 |  4- 6 |  7- 9 | 10-12 | 13-15 || total
-------------------------+-------+-------+-------+-------+-------++-------
Melee: Hand axe          |    62 |    69 |       |       |       ||   131
       Headbutt          |     6 |    12 |    43 |   184 |   202 ||   447
       War axe           |       |     7 |   222 |       |       ||   229
       Whip              |       |       |     7 |   683 |   609 ||  1299
       Morningstar       |       |       |       |    33 |       ||    33
Invok: Berserk           |       |     1 |     6 |     4 |     5 ||    16
       Trog's Hand       |       |       |       |       |     1 ||     1
       Brothers in Arms  |       |       |       |       |     1 ||     1
  Use: Scroll            |       |       |       |    17 |     6 ||    23
       Potion            |       |       |       |       |     1 ||     1
 Stab: Sleeping          |     2 |       |       |       |       ||     2
  Eat: Chunk             |     1 |     3 |    19 |    17 |    16 ||    56
Armor: Animal skin       |     7 |     2 |       |       |       ||     9
       Ring mail         |       |    15 |    12 |       |       ||    27
       Chain mail        |       |       |    71 |   210 |   108 ||   389
Dodge: Dodged            |    43 |    52 |   113 |   168 |    86 ||   462
Block: Shield            |       |       |     2 |   386 |    52 ||   440
       Reflection        |       |       |       |     4 |    13 ||    17
       Large shield      |       |       |       |       |   389 ||   389

Table legend:
 A = Spawn XP
 B = Non-spawn XP
 C = Spawn XP percentage of total XP
 D = Spawn monster count
 E = Non-spawn monster count
 F = Spawn count percentage of total count
 G = Total turns spent on level
                    A         B        C        D         E        F      G
               +---------+---------+-------+---------+---------+-------+---------
         Total |       0 |   88447 |   0.0 |       0 |     620 |   0.0 | 13906
               +---------+---------+-------+---------+---------+-------+---------
           D:1 |       0 |      41 |   0.0 |       0 |      21 |   0.0 |   875
           D:2 |       0 |     295 |   0.0 |       0 |      19 |   0.0 |   720
           D:3 |       0 |     433 |   0.0 |       0 |      38 |   0.0 |   884
           D:4 |       0 |    1165 |   0.0 |       0 |      19 |   0.0 |   833
           D:5 |       0 |     144 |   0.0 |       0 |      12 |   0.0 |  1260
           D:6 |       0 |     976 |   0.0 |       0 |      30 |   0.0 |   901
           D:7 |       0 |    1714 |   0.0 |       0 |      17 |   0.0 |   911
           D:8 |       0 |    1645 |   0.0 |       0 |      49 |   0.0 |   678
           D:9 |       0 |    2895 |   0.0 |       0 |      27 |   0.0 |   742
          D:10 |       0 |    3471 |   0.0 |       0 |      37 |   0.0 |   768
          D:11 |       0 |    5819 |   0.0 |       0 |      35 |   0.0 |   532
          D:12 |       0 |    7700 |   0.0 |       0 |      49 |   0.0 |   520
          D:13 |       0 |   18680 |   0.0 |       0 |      62 |   0.0 |  1297
          D:14 |       0 |   11628 |   0.0 |       0 |      28 |   0.0 |   920
          D:15 |       0 |   20582 |   0.0 |       0 |      60 |   0.0 |  1219
         Orc:1 |       0 |     473 |   0.0 |       0 |      13 |   0.0 |   293
         Orc:2 |       0 |    6672 |   0.0 |       0 |      35 |   0.0 |   186
        Bailey |       0 |    4114 |   0.0 |       0 |      69 |   0.0 |   367
               +---------+---------+-------+---------+---------+-------+---------
